 Dungeon Crawl Stone Soup version 0.28.0-53-g5a82cb258f (webtiles) character file.

Game seed: 16614599486452438110

13936 LustLizard the Cleaver (level 11, 0/148 HPs)
             Began as a Minotaur Berserker on July 28, 2022.
             Was a Priest of Trog.
             Slain by a yak (7 damage)
             ... on level 9 of the Dungeon.
             The game lasted 00:23:09 (15148 turns).

LustLizard the Cleaver (Minotaur Berserker)        Turns: 15148, Time: 00:23:09

Health: 0/148      AC: 12    Str: 26    XL:     11   Next: 82%
Magic:  10/10      EV:  9    Int:  4    God:    Trog [***...]
Gold:   581        SH:  0    Dex: 10    Spells: 10/10 levels left

rFire   + . .      SeeInvis .   S - +3 flail
rCold   . . .      Faith    .   (no shield)
rNeg    . . .      Spirit   .   p - +1 chain mail {rPois}
rPois   +          Reflect  .   (helmet restricted)
rElec   .          Harm     .   T - +0 cloak
rCorr   .          Rampage  .   z - +0 pair of gloves
Will    .....                   (no boots)
Stlth   ..........              H - amulet of the acrobat
HPRegen 0.34/turn               j - ring of protection from fire
MPRegen 0.12/turn               (no ring)

@: berserking, very quick
A: horns 2, retaliatory headbutt
a: Renounce Religion, Berserk, Trog's Hand


You were on level 9 of the Dungeon.
You worshipped Trog.
Trog was most pleased with you.
You visited 2 branches of the dungeon, and saw 13 of its levels.

You collected 581 gold pieces.

Inventory:

Hand Weapons
 m - a +0 whip of electrocution
 r - a +0 war axe
 S - a +3 flail (weapon)
Missiles
 e - 414 stones (quivered)
 q - 11 datura-tipped darts
 y - 11 poisoned darts
 E - 4 throwing nets
 I - 5 javelins
 J - 3 atropa-tipped darts
 M - a boomerang
Armour
 b - a +0 animal skin
 f - a +0 ring mail
 h - the +1 scale mail of the Baker {Fly Will- Regen+}
   (You found it on level 7 of the Dungeon)

   Fly:       It grants you flight.
   Regen:     It increases your rate of health regeneration.
   Will:      It decreases your willpower.
 p - a +1 chain mail of poison resistance (worn)
 z - a +0 pair of gloves (worn)
 T - a +0 cloak (worn)
Jewellery
 j - a ring of protection from fire (left hand)
 C - a ring of magical power
 H - an amulet of the acrobat (around neck)
 Y - a ring of ice
Wands
 B - a wand of flame (13)
 L - a wand of iceblast (1)
 U - a wand of polymorph (17)
 V - a wand of mindburst (4)
Scrolls
 a - a scroll of amnesia {unknown}
 c - 2 scrolls of magic mapping {unknown}
 g - a scroll of torment {unknown}
 n - a scroll of enchant weapon {unknown}
 u - 2 scrolls of vulnerability {unknown}
 v - 5 scrolls of teleportation
 w - 7 scrolls of noise
 x - a scroll of summoning {unknown}
 A - a scroll of acquirement {unknown}
 F - 2 scrolls of fear
 P - a scroll of fog {unknown}
 Q - 2 scrolls of enchant armour {unknown}
 W - a scroll of blinking {unknown}
 X - a scroll of brand weapon {unknown}
Potions
 d - 3 potions of flight
 i - a potion of resistance
 k - 3 potions of haste
 l - a potion of lignification
 o - a potion of attraction
 s - 5 potions of curing
 t - 4 potions of might
 D - 6 potions of heal wounds
 N - a potion of magic
 O - 2 potions of brilliance {unknown}
 Z - 2 potions of degeneration {unknown}


   Skills:
 + Level 10.1 Fighting
 * Level 13.6 Axes
 * Level 10.9 Throwing
 - Level 2.4 Armour
 - Level 2.1 Dodging
 * Level 7.5 Evocations


You had 10 spell levels left.
You didn't know any spells.
Your spell library was empty.

Dungeon Overview and Level Annotations

Branches:
Dungeon (12/15)            Temple (0/1) D:6            Lair (1/6) D:9
    Orc: D:9-12

Altars:
Ashenzari
Cheibriados
Ru
Uskayaw
Wu Jian
Yredelemnul

Shops:
D:7 !   D:12 :

Annotations:
D:12 Maurice


Innate Abilities, Weirdness & Mutations

You have a pair of horns on your head.
You reflexively headbutt those who attack you in melee.


Message History

You hit the yak but do no damage.
The yak is lightly wounded.
The yak barely misses you. The yak gores you.
You sock the yak! Your headbutt misses the yak.
The yak is moderately wounded.
The yak gores you but does no damage. The yak completely misses you.
You barely miss the yak.
The yak is moderately wounded.
The yak gores you!
* * * LOW HITPOINT WARNING * * *
The yak gores you!
* * * LOW HITPOINT WARNING * * *
You hit the yak.
The yak is moderately wounded.
The yak gores you.
* * * LOW HITPOINT WARNING * * *
The yak gores you.
* * * LOW HITPOINT WARNING * * *
Unknown command.
The yak gores you but does no damage. x2
You climb upwards.
Welcome back to the Dungeon!
There is a staircase to the Lair here.
A red film seems to cover your vision as you go berserk!
You feel yourself moving faster!
You feel mighty! The yak closely misses you. The yak barely misses you.
You furiously retaliate!
You headbutt the yak. You thump the yak! Your headbutt misses the yak.
The yak is heavily wounded.
The yak gores you.
* * * LOW HITPOINT WARNING * * *
You barely miss the yak.
The yak is heavily wounded.
The yak gores you but does no damage. The yak closely misses you.
You furiously retaliate!
You headbutt the yak! You sock the yak! You headbutt the yak!
You kill the yak!
Trog accepts your kill.
You hit the yak. You headbutt the yak.
The yak is heavily wounded.
The yak gores you!
You die...

≈.8≈#...'........................
≈_>≈#.###..........###.#.........
≈≈≈≈#..##..........# #.#.........
#####[.#####.....### #.#..######.
.......###.........###.#..######.
.......##......P..P.#.....(......
..............PP....##.#########.
.>.....+....P.P..YPP#............
.......#.PPPP..†@...##.#####.###.
.......##PPPPPP...PP##.# #.# #)
.......###PPPPP..PP###.# #.# #)
######## #############.# #.###.
#.........#####.##..
#...............##..
#.........########.. #.........#
#####. ##.........# #.....


You could see a yak.

Vanquished Creatures
  Fannar (D:11)
  A hydra (D:10)
  A catoblepas (D:10)
  4 two-headed ogres
  2 cyclopes
  An ugly thing (D:10)
  A komodo dragon (D:9)
  2 trolls
  2 hornets
  A shadow (D:9)
  A wraith (D:11)
  2 wyverns
  14 yaks
  2 vampire mosquitoes (D:11)
  A steam dragon (D:10)
  Edmund (D:5)
  An acid dragon (D:10)
  2 water moccasins
  An orc warrior (D:9)
  3 necrophages
  2 ogres
  8 centaurs
  4 bullfrogs
  A kobold brigand (D:8)
  3 scorpions
  A wyvern zombie (D:6)
  4 killer bees (D:6)
  20 wights
  A jelly (D:4)
  6 howler monkeys (D:10)
  A bullfrog zombie (D:6)
  2 centaur zombies
  A hound (D:5)
  4 orc priests
  4 gnoll shamans
  A centaur skeleton (D:6)
  Ijyb (D:5)
  Terence (D:3)
  3 iguanas
  4 killer bee zombies
  2 howler monkey zombies
  16 gnolls
  5 adders
  A white imp (D:6)
  2 ufetubi
  3 worms
  4 dart slugs
  22 orcs
  3 endoplasms
  3 giant cockroaches
  4 hobgoblins
  4 jackals (D:5)
  10 kobolds
  3 quokkas
  7 ball pythons
  4 bats
  4 frilled lizards
  9 goblins
  8 rats
230 creatures vanquished.

Vanquished Creatures (others)
  19 plants
19 creatures vanquished.

Grand Total: 249 creatures vanquished

Notes
Turn   | Place    | Note
-------+----------+-------------------------------------------
     0 | D:1      | LustLizard the Minotaur Berserker began the quest for the
                  | Orb.
     0 | D:1      | Reached XP level 1. HP: 19/19 MP: 0/0
    65 | D:1      | Reached skill level 4 in Axes
   205 | D:1      | Found a faded altar of an unknown god.
   220 | D:1      | Reached XP level 2. HP: 18/27 MP: 1/1
  1272 | D:2      | Reached skill level 1 in Throwing
  1276 | D:2      | Reached XP level 3. HP: 33/33 MP: 2/2
  1435 | D:2      | Reached ** piety under Trog
  2044 | D:3      | Reached XP level 4. HP: 35/40 MP: 3/3
  2262 | D:3      | Reached skill level 5 in Axes
  2809 | D:3      | Noticed Terence
  2827 | D:3      | Killed Terence
  3010 | D:4      | Noticed a scorpion
  3027 | D:4      | Killed a scorpion
  3028 | D:4      | Reached XP level 5. HP: 47/47 MP: 4/4
  3140 | D:4      | Found a broken altar of Ashenzari.
  3190 | D:4      | Noticed a necrophage
  3203 | D:4      | Killed a necrophage
  3204 | D:4      | Reached skill level 5 in Fighting
  3204 | D:4      | Reached skill level 6 in Axes
  3204 | D:4      | Reached XP level 6. HP: 41/56 MP: 5/5
  3913 | D:4      | Identified the +0 cloak of Beamauth {Harm Str+3}
  4014 | D:5      | Entered Level 5 of the Dungeon
  4063 | D:5      | Noticed a water moccasin
  4076 | D:5      | Killed a water moccasin
  4185 | D:5      | Noticed Edmund
  4197 | D:5      | Killed Edmund
  4198 | D:5      | Reached skill level 7 in Axes
  4198 | D:5      | Reached XP level 7. HP: 61/61 MP: 6/6
  5044 | D:5      | Reached skill level 5 in Throwing
  5250 | D:5      | Noticed Ijyb
  5269 | D:5      | Killed Ijyb
  5452 | D:5      | Found an ornate altar of the Wu Jian Council.
  5570 | D:5      | Reached skill level 8 in Axes
  5714 | D:6      | Found a sacrificial altar of Ru.
  5772 | D:6      | Reached XP level 8. HP: 51/70 MP: 7/7
  6728 | D:6      | Reached *** piety under Trog
  7055 | D:6      | Reached skill level 9 in Axes
  7158 | D:6      | Found a staircase to the Ecumenical Temple.
  7298 | D:7      | Found Biv Haqeesie's Distillery.
  7388 | D:7      | Identified the +1 scale mail of the Baker {Fly Will-
                  | Regen+}
  7936 | D:7      | Noticed a hornet
  7942 | D:7      | Paralysed by a hornet for 1 turns
  7946 | D:7      | Killed a hornet
  7947 | D:7      | Reached skill level 1 in Evocations
  7947 | D:7      | Reached XP level 9. HP: 66/79 MP: 8/8
  8771 | D:7      | Found a basalt altar of Yredelemnul.
  8963 | D:8      | Reached skill level 10 in Axes
  9028 | D:8      | Noticed a two-headed ogre
  9319 | D:8      | Killed a two-headed ogre
  9856 | D:8      | Reached skill level 11 in Axes
 10324 | D:9      | Reached **** piety under Trog
 10325 | D:9      | Reached XP level 10. HP: 47/88 MP: 9/9
 11119 | D:9      | Found a staircase to the Lair.
 11151 | D:9      | Reached skill level 5 in Evocations
 11635 | D:9      | Found a snail-covered altar of Cheibriados.
 12130 | D:10     | Entered Level 10 of the Dungeon
 12158 | D:10     | Reached skill level 12 in Axes
 12231 | D:10     | Noticed a four-headed hydra
 12245 | D:10     | Killed a four-headed hydra
 12463 | D:10     | Noticed a purple ugly thing
 12469 | D:10     | Killed a purple ugly thing
 12602 | D:10     | Noticed a catoblepas
 12610 | D:10     | Killed a catoblepas
 12611 | D:10     | Reached XP level 11. HP: 55/97 MP: 10/10
 13356 | D:10     | Reached skill level 10 in Throwing
 13586 | D:10     | Noticed a two-headed ogre
 13597 | D:10     | Killed a two-headed ogre
 13634 | D:10     | Found a hide-covered altar of Uskayaw.
 13671 | D:10     | Noticed a two-headed ogre
 13726 | D:10     | Killed a two-headed ogre
 13727 | D:10     | Reached skill level 13 in Axes
 14159 | D:11     | Noticed a two-headed ogre
 14198 | D:11     | Killed a two-headed ogre
 14809 | D:11     | Noticed Fannar
 14821 | D:11     | Killed Fannar
 14822 | D:11     | Reached skill level 10 in Fighting
 15053 | D:12     | Noticed Maurice
 15053 | D:12     | Found Ofaarghiu's Book Shoppe.
 15115 | Lair:1   | Entered Level 1 of the Lair of Beasts
 15141 | Lair:1   | HP: 4/99 [yak (1)]
 15148 | D:9      | Slain by a yak

Illustrated notes

Levels and vault maps discovered:
D:1:      scummos_arrival_hexagon, layout_basic, serial_bayou,
          serial_bayou_pond_a, serial_bayou_lagoon_a, serial_bayou_pond_c,
          serial_bayou_pond_c, serial_bayou_shore_b, serial_bayou_crossing,
          hellmonk_ecumenical_altar_blasted
D:2:      minmay_skewed_foursquare, layout_rooms
D:3:      layout_loops_corners, uniq_terence
D:4:      layout_basic, evilmike_ruin_ashenzari
D:5:      nicolae_cairo_tiling_very_big, layout_loops_corners,
          pdpol_wu_jian_five_deadly_venoms, uniq_edmund, uniq_ijyb
D:6:      layout_basic, mainiacjoe_overflow_alcove_1, temple_hall,
          amcnicky_mini_pool_small
D:7:      layout_rooms, lemuel_zombie_altar_yredelemnul, serial_shops, shop
D:8:      layout_basic
D:9:      layout_basic, general_overflow_altar, david_lair_shrubbed,
          hangedman_decor_clover_reticule, minivault_25_ag
D:10:     layout_roguey, nicolae_uskayaw_dance_hall, serial_park_tiny_2,
          kb_rosetta
D:11:     layout_big_octagon, uniq_fannar
D:12:     layout_basic, erik_orc_1, serial_shops, shop, uniq_maurice
Lair:1:   layout_chaotic_city, basic_altar, hangedman_lair_unloving_vines,
          serial_bayou_pond_d, serial_bayou_shore_a, infiniplex_staircase_pool

Skill      XL: |  1  2  3  4  5  6  7  8  9 10 11 |
---------------+----------------------------------+-----
Axes           | 4 5 6 7 8 9 11 12 13 | 13.6
Fighting       | 4 5 6 7 8 9 10 | 10.1
Throwing       | 1 2 3 4 5 7 8 9 10 | 10.9
Evocations     | 1 4 6 7 |  7.5
Armour         | |  2.4
Dodging        | |  2.1

Action                   |  1- 3 |  4- 6 |  7- 9 | 10-12 || total
-------------------------+-------+-------+-------+-------++-------
Melee: Hand axe          |   100 |     7 |       |       ||   107
       Headbutt          |    14 |    16 |    64 |    42 ||   136
       Whip              |       |    96 |   276 |       ||   372
       Punch             |       |     1 |     2 |     3 ||     6
       Flail             |       |       |    19 |   222 ||   241
       Mace              |       |       |     2 |       ||     2
Throw: Stone             |       |    22 |   187 |   123 ||   332
       Dart              |       |       |     3 |    15 ||    18
       Javelin           |       |       |       |     1 ||     1
Invok: Berserk           |       |     3 |     1 |     5 ||     9
       Trog's Hand       |       |       |     1 |     1 ||     2
Evoke: Wand              |       |       |       |     4 ||     4
  Use: Scroll            |       |     5 |     5 |     2 ||    12
Armor: Animal skin       |     3 |       |       |       ||     3
       Ring mail         |    26 |     8 |       |       ||    34
       Chain mail        |       |    24 |   105 |   112 ||   241
Dodge: Dodged            |    52 |    49 |   117 |   121 ||   339
